Unix NetHack Version 5.0.0-0 post-release - last build May 31 2026 23:59:36 (970b52f25bf058293b47ddfd14a1e40e571c508c,branch:main).

Game began 2026-06-06 22:37:54, ended 2026-06-06 22:43:32.

Drastanta, chaotic male elven Wizard

                                              -------------            -------
                        ------------##########-...........|############......|
                        |..........|###       |...........|#           |.....|
                        |..........|#         |...........|#           +...{>|
      -----        #####-..........-##        |...........|#           -.-----
      |...|        #    -------.----#         +...........|#            #
      |...|        #                          ---.---------#            #
   ----...----    ###                          #############            #
   |.*.....*.|    #                              #                      #
   |..^......|    #                                                     ##
   |..*......|    #                                              --------.--
   ----...----    #                                              |.........|
      |*.*-#@B#####                                              |.........|
      |...|                                                      |...<.....|
      -----                                                      ..........|
                                                                 -----------

Drastanta the Conjurer    St:10 Dx:12 Co:16 In:20 Wi:8 Ch:10  Chaotic
Dlvl:3  $:30 HP:0(26) Pw:33(38) AC:9  Xp:3 T:850 

Latest messages:
 As you read the scroll, it disappears.
 Your nose tingles and you smell food.
 (For instructions type a '?')
 Move cursor to food:
 Done.
 The door opens.
 The door opens.
 You see here a spellbook of cause fear.
 You see here a spellbook of cause fear.
 A - a spellbook of cause fear.
 You see here a food ration.
 x - a food ration (2 in total).
 The door opens.
 You find a hidden passage.
 The door resists!
 The door opens.
 You are beginning to feel hungry.
 A trap door in the ceiling opens and a rock falls on your head!
 A trap door in the ceiling opens and a rock falls on your head!
 A trap door in the ceiling opens and a rock falls on your head!
 A trap door in the ceiling opens and a rock falls on your head!
 Wizard is about to die.
 There is a food ration here; eat it? [ynq] (n) y
 Blecch!  Rotten food!
 You finish eating the food ration.
 What do you want to eat? [xy or ?*] ?
 Yak - dog food!
 You finish eating the tripe ration.
 You find a falling rock trap.
 What do you want to drink? [fgh or ?*] h
 You feel better.
 A trap door in the ceiling opens and a rock falls on your head!
 B - a lamp.
 Really step onto that falling rock trap? [yn] (n) y
 There is a falling rock trap here.
 You see here a rock.
 A trap door in the ceiling opens and a rock falls on your head!
 Really step onto that falling rock trap? [yn] (n) y
 There is a falling rock trap here.
 You see here 2 rocks.
 A trap door in the ceiling opens and a rock falls on your head!
 You hear a door open.
 You hit the giant bat.
 The giant bat bites!
 The giant bat bites!
 In what direction? 6
 The spell misses the giant bat.
 The giant bat bites!
 You die...
 Do you want your possessions identified? [ynq] (y) q

Inventory:
 Coins    ('$')
  $ - 30 gold pieces
 Weapons  (')')
  a - a blessed +1 quarterstaff (weapon in hands)
 Armor    ('[')
  u - an uncursed +0 pair of elven boots
  b - an uncursed +0 cloak of magic resistance (being worn)
 Comestibles  ('%')
  x - 2 uncursed food rations
 Scrolls  ('?')
  v - a blessed scroll of enchant armor
  w - 2 uncursed scrolls of enchant armor
  q - an uncursed scroll of enchant weapon
  k - an uncursed scroll of food detection
  i - 2 uncursed scrolls of light
  j - an uncursed scroll of remove curse
 Spellbooks  ('+')
  A - an uncursed spellbook of cause fear
  s - an uncursed spellbook of charm monster
  m - an uncursed spellbook of detect food
  l - a blessed spellbook of force bolt
  r - an uncursed spellbook of haste self
  t - an uncursed spellbook of magic missile
 Potions  ('!')
  g - an uncursed potion of levitation
  f - an uncursed potion of sickness
 Rings    ('=')
  d - a blessed +1 ring of gain strength (on right hand)
  e - an uncursed +1 ring of increase damage (on left hand)
 Wands    ('/')
  c - a wand of stasis (0:4)
 Tools    ('(')
  o - an uncursed tooled horn
  n - a magic marker (0:21)
  B - a cursed oil lamp

Drastanta the Wizard's attributes:

Background:
 You were a Conjurer, a level 3 male elven Wizard.
 You were chaotic, on a mission for Anhur
 who was opposed by Ptah (lawful) and Thoth (neutral).
 You were right-handed.
 You were in the Dungeons of Doom, on level 3.
 You entered the dungeon 850 turns ago.
 It was nighttime.
 You had 65 experience points, 15 more were needed to attain level 4.

Basics:
 You had 0 out of 26 hit points.
 You had 33 out of 38 energy points (spell power).
 Your armor class was 9.
 Your wallet contained 30 zorkmids.
 Autopickup was on for '$' plus thrown.

Final Characteristics:
 Your strength was 10 (base:9, limit:18).
 Your dexterity was 12 (limit:18).
 Your constitution was 16 (limit:16).
 Your intelligence was 20 (limit:20).
 Your wisdom was 8 (limit:20).
 Your charisma was 10 (limit:18).

Final Status:
 You weren't hungry.
 You were unencumbered.
 You were wielding a quarterstaff.
 You had basic skill with quarterstaff.

Final Attributes:
 You were fervently aligned.
 You were magic-protected.
 You had infravision.
 You had a small damage bonus (+1).
 You were warded.
 You are dead.

Miscellaneous:
 You didn't encounter any bones levels.
 Total elapsed playing time was 5 minutes and 38 seconds.

Major events:
 Turn
    1: Drastanta the chaotic male elven Wizard entered the dungeon
   81: attained the rank of Conjurer (level 3)
  682: entered the Gnomish Mines
  850: killed by a giant bat

Spells:
 Name                 Level Category     Fail Retention
 force bolt             1   attack         0%  91%-100%
 detect food            2   divination    27%  76%-100%

Skills:
 Fighting Skills
   bare handed combat [Unskilled]
   riding             [Unskilled]
 Weapon Skills
   dagger             [Unskilled]
   knife              [Unskilled]
   axe                [Unskilled]
   short sword        [Unskilled]
   club               [Unskilled]
   mace               [Unskilled]
   quarterstaff       [Basic]
   polearms           [Unskilled]
   spear              [Unskilled]
   trident            [Unskilled]
   sling              [Unskilled]
   dart               [Unskilled]
   shuriken           [Unskilled]
 Spellcasting Skills
   attack spells      [Basic]
   healing spells     [Unskilled]
   divination spells  [Unskilled]
   enchantment spells [Basic]
   clerical spells    [Unskilled]
   escape spells      [Unskilled]
   matter spells      [Unskilled]

Voluntary challenges:
 Character rerolling was not enabled.
 You were an atheist.
 You never genocided any monsters.
 You never polymorphed an object.
 You never changed form.
 You used no wishes.
Achievements:
 You attained the rank of Conjurer.
 You entered the Gnomish Mines.

 The Dungeons of Doom: levels 1 to 3
    Level 1:
       An altar, a fountain, a sink.
    Level 2:
    Level 3: <- You were here.
       A fountain.
       Stairs down to The Gnomish Mines.
       Final resting place for
          you, killed by a giant bat.
 The Gnomish Mines:
    Level 4:


Vanquished creatures:
  a ghost
  a kitten
 an acid blob
  a large kobold
  3 giant rats
  a gecko
  a lichen
  a kobold zombie
  a newt
11 creatures vanquished.

No species were genocided or became extinct.

Game over:
                       ----------
                      /          \
                     /    REST    \
                    /      IN      \
                   /     PEACE      \
                  /                  \
                  |    Drastanta     |
                  |      30 Au       |
                  |   killed by a    |
                  |    giant bat     |
                  |                  |
                  |                  |
                  |       2026       |
                 *|     *  *  *      | *
        _________)/\\_//(\/(/\)/\//\/|_)_______

Goodbye Drastanta the Wizard...

You died in The Dungeons of Doom on dungeon level 3 with 917 points,
and 30 pieces of gold, after 850 moves.
You were level 3 with a maximum of 26 hit points when you died.

